 Dungeon Crawl Stone Soup version 0.19.1 (webtiles) character file.

64 Malachi the Insei (level 3, -2/26 HPs)
             Began as a Demonspawn Transmuter on Dec 6, 2016.
             Slain by a gnoll
             ... wielding a +0 spear
              (8 damage)
             ... on level 2 of the Dungeon.
             The game lasted 00:01:59 (1734 turns).

Malachi the Insei (Demonspawn Transmuter)           Turns: 1734, Time: 00:01:59

Health: -2/26      AC:  2    Str: 10    XL:     3   Next: 91%
Magic:  4/6        EV: 12    Int: 15    God:
Gold:   134        SH:  0    Dex: 13    Spells: 2 memorised, 3 levels left

rFire  . . .     SeeInvis .       - Unarmed
rCold  . . .     Gourm    .     b - +0 robe
rNeg   . . .     Faith    .     (no shield)
rPois  .         Spirit   .     (no helmet)
rElec  .         Reflect  .     (no cloak)
rCorr  .         Harm     .     (no gloves)
MR     .....                    (no boots)
Stlth  ++........               (no amulet)
                                (no ring)
                                (no ring)

@: no status effects
A: spiny 1
a: no special abilities


You were on level 2 of the Dungeon.
You were hungry.

You visited 1 branch of the dungeon, and saw 2 of its levels.

You collected 134 gold pieces.

Inventory:

Missiles
 a - 21 arrows
Armour
 b - a +0 robe (worn)
Scrolls
 h - a scroll of fog {unknown}
Potions
 e - a potion of degeneration {unknown}
 f - 2 potions of magic {unknown}
 g - a potion of haste {unknown}
 i - a potion of might {unknown}
Books
 c - a book of Changes

   Spells                             Type                      Level
   a - Beastly Appendage              Transmutation                1
   b - Sticks to Snakes               Transmutation                2
   c - Spider Form                    Transmutation/Poison         3
   d - Ice Form                       Ice/Transmutation            4
   e - Blade Hands                    Transmutation                5
Comestibles
 d - a bread ration


   Skills:
 + Level 1.3 Fighting
 + Level 2.2 Dodging
 + Level 1.1 Stealth
 + Level 3.4 Unarmed Combat
 + Level 2.2 Spellcasting
 + Level 2.0 Transmutations


You had 3 spell levels left.
You knew the following spells:

 Your Spells              Type           Power        Failure   Level  Hunger
a - Beastly Appendage     Tmut           #.....       12%         1    #......
b - Sticks to Snakes      Tmut           #.......     14%         2    ###....


Dungeon Overview and Level Annotations

Branches:
Dungeon (2/15)

Altars:


Innate Abilities, Weirdness & Mutations

You are partially covered in sharp spines.


Message History

Unknown command.
Unknown command.
The gnoll barely misses you. The gnoll misses your adder.
Your adder closely misses the gnoll.
What are your orders? t - Shout!
Orders for allies: a - Attack new target. r - Retreat! s - Stop attacking. g - Guard the area. f - Follow me.
Anything else - Cancel.
Gang up on whom?
Press: ? - help, Dir - move target cursor, f - gnoll
Aim: a gnoll, wielding a club (severely wounded) Attack!
The gnoll hits you from afar with a spear.
* * * LOW HITPOINT WARNING * * *
Your adder bites the gnoll.
The gnoll misses your adder.
Your adder withers and dies!
The gnoll hits you from afar with a spear!
You die...

#.........###### #.
#.........# ##.#
#..<......#
....######.........#
........##.........# ###
........##.........####..
........##.†.......(.....
........##...............
#S@'g.......[......
#######.##g..............
........#####'#####......
######..# # #...... #..#
#.<.... #..# #...... #..#
#...... #..# #####.. #.g#
##


You could see 2 gnolls and a friendly adder.

Vanquished Creatures
  A gnoll (D:2)
  2 oozes (D:1)
  5 bats (D:1)
  A giant cockroach (D:1)
  2 goblins (D:1)
  4 hobgoblins (D:1)
  2 jackals (D:1)
  4 kobolds (D:1)
  4 rats (D:1)
25 creatures vanquished.

Vanquished Creatures (collateral kills)
  Terence (D:2)
  A gnoll (D:2)
2 creatures vanquished.

Grand Total: 27 creatures vanquished

Notes
Turn   | Place    | Note
-------+----------+-------------------------------------------
     0 | D:1      | Malachi the Demonspawn Transmuter began the quest for the Orb.
     0 | D:1      | Reached XP level 1. HP: 15/15 MP: 3/3
    53 | D:1      | Reached skill level 3 in Unarmed Combat
    55 | D:1      | Gained mutation: You are partially covered in sharp spines. [demonic ancestry]
    55 | D:1      | Reached XP level 2. HP: 19/21 MP: 5/5
   790 | D:1      | Reached XP level 3. HP: 17/26 MP: 6/6
  1085 | D:1      | Learned a level 2 spell: Sticks to Snakes
  1388 | D:2      | Noticed Terence
  1407 | D:2      | Killed Terence
  1717 | D:2      | Reached skill level 1 in Stealth
  1734 | D:2      | Slain by a gnoll

Skill      XL: |  1  2  3 |
---------------+----------+-----
Unarmed Combat | 3 |  3.4
Dodging        | 2 |  2.2
Stealth        | 1 |  1.1
Transmutations | 2 |  2.0
Fighting       | |  1.3
Spellcasting   | |  2.2

Action                   || total
-------------------------++-------
Melee: Unarmed           ||    70
       Punch             ||     1
 Cast: Sticks to Snakes  ||     5
 Stab: Sleeping          ||     3
  Eat: Chunk             ||     2
Armor: Robe              ||    12
Dodge: Dodged            ||    47
